 Dungeon Crawl Stone Soup version 0.27.1-33-g824d729ab1 (webtiles) character file.

Game seed: 10155055016616406445

18 MisterFreud the Ducker (level 2, 0/14 HPs)
             Began as a Felid Berserker on Dec 4, 2021.
             Was a Follower of Trog.
             Succumbed to Terence's poison
             ... on level 2 of the Dungeon.
             The game lasted 00:00:47 (815 turns).

MisterFreud the Ducker (Felid Berserker)             Turns: 815, Time: 00:00:48

Health: 0/14       AC:  1    Str: 13    XL:     2   Next: 51%
Magic:  3/3        EV: 18    Int:  8    God:    Trog [*.....]
Gold:   7          SH:  0    Dex: 15    Spells: 1/1 levels left
                                        Lives:  0   Deaths: 0

rFire    . . .     SeeInvis +     - Unarmed
rCold    . . .     Faith    .   (shield unavailable)
rNeg     . . .     Spirit   .   (armour unavailable)
rPois    .         Reflect  .   (helmet unavailable)
rElec    .         Harm     .   (cloak unavailable)
rCorr    .         Rampage  .   (gloves unavailable)
Will     .....                  (boots unavailable)
Stlth    ++........             (no amulet)
HPRegen  0.04/turn              (no ring)
MPRegen  0.08/turn              (no ring)

@: lethally poisoned (0 -> -11), quick
A: very small, claws 1, fangs 3, see invisible, speed 1, shaggy fur 1, stealthy
paws, no weapons or thrown items, no armour, multi-lived
a: Renounce Religion, Berserk


You were on level 2 of the Dungeon.
You worshipped Trog.
Trog was aware of your devotion.
You visited 1 branch of the dungeon, and saw 2 of its levels.

You collected 7 gold pieces.

Inventory:

Scrolls
 a - a scroll of identify {unknown}
 c - a scroll of noise {unknown}
Potions
 b - a potion of flight {unknown}


   Skills:
 - Level 3.0 Fighting
 - Level 4.0 Dodging
 + Level 2.2 Stealth
 + Level 3.4 Unarmed Combat


You had one spell level left.
You didn't know any spells.
Your spell library was empty.

Dungeon Overview and Level Annotations

Branches:
Dungeon (2/15)

Altars:

Annotations:
D:2 Terence


Innate Abilities, Weirdness & Mutations

You have sharp claws.
You have razor-sharp teeth.
You have supernaturally acute eyesight. (SInv)
You cover ground quickly. (Speed+)
You are covered in fur. (AC +1)
Your paws help you pounce on unaware monsters.
You are incapable of wielding weapons or throwing items.
You cannot wear armour.
You gain extra lives every three experience levels.


Message History

Done exploring.
Done exploring.
No target in view!
Done exploring.
Done exploring.
Done exploring.
There is an escape hatch in the floor here.
You slide downwards.
The hatch slams shut behind you.
Found a smoky blue potion and 13 gold pieces.
Found a stone staircase leading down.
The goblin shouts!
Terence the Incautious comes into view.
He is wielding a +2 flail of venom.
The goblin completely misses you.
Terence shouts!
The goblin shouts!
You scratch the goblin.
You kill the goblin!
Trog accepts your kill.
You hear an angry hiss.
You closely miss the goblin. The goblin barely misses you.
You barely miss the goblin. You bite the goblin.
The goblin is severely wounded.
An adder comes into view.
The goblin completely misses you.
You scratch the goblin.
You kill the goblin!
Trog accepts your kill.
You fail to use your ability.
Terence barely misses you.
You barely miss Terence. Terence closely misses you.
You barely miss Terence. You bite Terence.
Terence is lightly wounded.
Terence hits you with a +2 flail of venom!
Ouch! That really hurt!
You are lethally poisoned!
You scratch Terence but do no damage.
Terence is lightly wounded.
* * * LOW HITPOINT WARNING * * *
You feel very sick. Terence barely misses you.
You scratch Terence. You bite Terence, but do no damage.
Terence is moderately wounded.
You die...

############
.....#.....##
.........>..## .
.............##.#
.................
..............$.
......)......#
......@@S)...#...
...............#
......!......###
###...####..##
#.## ..# #. ..# .
..# # ..# ..#


You could see Terence and an adder.

Vanquished Creatures
  A dart slug (D:1)
  2 endoplasms (D:1)
  2 giant cockroaches (D:1)
  3 goblins
  A kobold (D:1)
  3 ball pythons (D:1)
  A bat (D:1)
  2 frilled lizards (D:1)
15 creatures vanquished.

Notes
Turn   | Place    | Note
-------+----------+-------------------------------------------
     0 | D:1      | MisterFreud the Felid Berserker began the quest for the
                  | Orb.
     0 | D:1      | Reached XP level 1. HP: 10/10 MP: 2/2
    21 | D:1      | Reached skill level 1 in Stealth
   205 | D:1      | Reached XP level 2. HP: 12/14 MP: 3/3
   255 | D:1      | Found a faded altar of an unknown god.
   804 | D:2      | Noticed Terence
   815 | D:2      | Succumbed to Terence's poison

Illustrated notes

Levels and vault maps discovered:
D:1:      scummos_arrival_hexagon, layout_basic,
          chequers_ecumenical_altar_simple_redux, serial_curves, eino_curves_03,
          eino_curves_03
D:2:      layout_rooms, basic_altar, uniq_robin, uniq_terence

Skill      XL: |  1  2 |
---------------+-------+-----
Stealth        | 1 2 |  2.2
Fighting       | |  3.0
Dodging        | |  4.0
Unarmed Combat | |  3.4

Action                   || total
-------------------------++-------
Melee: Unarmed           ||    28
       Bite              ||     4
Invok: Berserk           ||     1
 Stab: Sleeping          ||     3
Armor: Skin              ||     1
Dodge: Dodged            ||    20
